 Dungeon Crawl Stone Soup version 0.28.0-43-g3370ac3207 (webtiles) character file.

Game seed: 5647118910457357597

25 Descartes the Vexing (level 2, 0/12 HPs)
             Began as a Felid Wanderer on Mar 16, 2022.
             Succumbed to an adder's poison
             ... on level 2 of the Dungeon.
             The game lasted 00:01:25 (1313 turns).

Descartes the Vexing (Felid Wanderer)               Turns: 1313, Time: 00:01:26

Health: 0/12       AC:  1    Str: 11    XL:     2   Next: 86%
Magic:  4/4        EV: 16    Int: 13    God:
Gold:   51         SH:  0    Dex: 12    Spells: 2/3 levels left
                                        Lives:  0   Deaths: 0

rFire   . . .      SeeInvis +     - Unarmed
rCold   . . .      Faith    .   (shield unavailable)
rNeg    . . .      Spirit   .   (armour unavailable)
rPois   .          Reflect  .   (helmet unavailable)
rElec   .          Harm     .   (cloak unavailable)
rCorr   .          Rampage  .   (gloves unavailable)
Will    .....                   (boots unavailable)
Stlth   ++........              (no amulet)
HPRegen 0.04/turn               (no ring)
MPRegen 0.09/turn               (no ring)

@: lethally poisoned (0 -> -3), quick
A: very small, claws 1, fangs 3, see invisible, speed 1, shaggy fur 1, stealthy
paws, no weapons or thrown items, no armour, multi-lived
a: no special abilities


You were on level 2 of the Dungeon.
You visited 1 branch of the dungeon, and saw 2 of its levels.

You collected 51 gold pieces.

Inventory:

Scrolls
 c - a scroll of identify {unknown}
 d - a scroll of amnesia {unknown}
 e - a scroll of magic mapping {unknown}
Potions
 a - a potion of berserk rage
 b - a potion of invisibility


   Skills:
 - Level 1.0 Fighting
 + Level 1.3 Dodging
 + Level 3.2 Stealth
 + Level 3.2 Unarmed Combat
 - Level 1.0 Spellcasting
 + Level 3.4 Hexes
 + Level 1.6 Evocations


You had 2 spell levels left.
You knew the following spells:

 Your Spells              Type           Power      Damage    Failure   Level
a - Slow                  Hex            36%        N/A       7%          1

Your spell library contained the following spells:

 Spells                   Type           Power      Damage    Failure   Level
 Inner Flame              Hex/Fire       5%         N/A       38%         3


Dungeon Overview and Level Annotations

Branches:
Dungeon (2/15)

Altars:


Innate Abilities, Weirdness & Mutations

You have sharp claws.
You have razor-sharp teeth.
You have supernaturally acute eyesight. (SInv)
You cover ground quickly. (Speed+)
You are covered in fur. (AC +1)
Your paws help you pounce on unaware monsters.
You are incapable of wielding weapons or throwing items.
You cannot wear armour.
You gain extra lives every three experience levels.


Message History

No target in view!
No target in view!
No target in view!
No target in view!
No target in view!
No target in view!
HP restored.
An adder comes into view.
A rat comes into view.
The adder hisses angrily.
The adder barely misses you. The adder bites you.
You closely miss the adder. Your claw misses the adder.
The rat closely misses you. The adder bites you.
You are lethally poisoned!
The adder poisons you!
You are too injured to fight recklessly!
You are too injured to fight recklessly!
You are too injured to fight recklessly!
You are too injured to fight recklessly!
You are too injured to fight recklessly!
You are too injured to fight recklessly!
You are too injured to fight recklessly!
You are too injured to fight recklessly!
You are too injured to fight recklessly!
You are too injured to fight recklessly!
You are too injured to fight recklessly!
You are too injured to fight recklessly!
You are too injured to fight recklessly!
You are too injured to fight recklessly!
You are too injured to fight recklessly!
You are too injured to fight recklessly!
You are too injured to fight recklessly!
You are too injured to fight recklessly!
* * * LOW HITPOINT WARNING * * *
You feel sick.
* * * LOW HITPOINT WARNING * * *
You feel sick.
* * * LOW HITPOINT WARNING * * *
You feel sick.
You die...

########### ######
#.........# ......
+..r......# ######
####.S.......#
#.######..@###..####..
#..........+ ......
#.#####....####..###
#..........# #.#
#.#####.#### #.#
..#####.########.###
......(........>...#
#..........####....#
#..<...###.# ##...# .


You could see an adder and a rat.

Vanquished Creatures
  2 worms (D:2)
  5 ball pythons (D:1)
  An endoplasm (D:1)
  2 giant cockroaches (D:1)
  A goblin (D:1)
  2 hobgoblins (D:1)
  2 bats (D:1)
  2 frilled lizards (D:1)
  A rat (D:1)
18 creatures vanquished.

Notes
Turn   | Place    | Note
-------+----------+-------------------------------------------
     0 | D:1      | Descartes the Felid Wanderer began the quest for the Orb.
     0 | D:1      | Descartes set off with the following items: a potion of
                  | berserk rage, a potion of invisibility; and the following
                  | spell memorised: Slow; and the following spells available
                  | to memorise: Inner Flame
     0 | D:1      | Reached XP level 1. HP: 9/9 MP: 3/3
   240 | D:1      | Reached XP level 2. HP: 12/12 MP: 4/4
   385 | D:1      | Reached skill level 1 in Dodging
   477 | D:1      | Noticed a shining eye
   480 | D:1      | Found a faded altar of an unknown god.
   482 | D:1      | Noticed an eye of devastation
   482 | D:1      | Noticed a floating eye
   482 | D:1      | Noticed a floating eye
  1313 | D:2      | Succumbed to an adder's poison

Illustrated notes

Levels and vault maps discovered:
D:1:      lightli_iron_boxes, layout_basic,
          hellmonk_ecumenical_altar_watching_god
D:2:      layout_basic, uniq_natasha

Skill      XL: |  1  2 |
---------------+-------+-----
Stealth        | 3 |  3.2
Dodging        | 1 |  1.3
Fighting       | |  1.0
Unarmed Combat | |  3.2
Spellcasting   | |  1.0
Hexes          | |  3.4
Evocations     | |  1.6

Action                   || total
-------------------------++-------
Melee: Unarmed           ||    37
       Bite              ||     3
 Stab: Sleeping          ||     7
Armor: Skin              ||     2
Dodge: Dodged            ||    26
